 Dungeon Crawl Stone Soup version 0.31-a0-949-g57150269e1 (webtiles) character file.

Game seed: 9771117647970618656

1534 CowFu the Basher (level 8, 0/67 HPs)
             Began as a Gnoll Wanderer on Oct 23, 2023.
             Was a Priest of Okawaru.
             Slain by an orc warrior
             ... wielding a +0 scimitar
              (18 damage)
             ... on level 6 of the Dungeon.
             The game lasted 00:09:42 (4898 turns).

CowFu the Basher (Gnoll Wanderer)                   Turns: 4898, Time: 00:09:43

Health: 0/67       AC:  7    Str: 21    XL:     8   Next: 86%
Magic:  13/13      EV: 15    Int: 10    God:    Okawaru [***...]
Gold:   333        SH:  0    Dex: 18    Spells: 14/14 levels left

rFire   . . .        a - +2 mace
rCold   . . .        (no shield)
rNeg    . . .        e - +0 leather armour
rPois   .            c - +0 helmet
rElec   .            p - +0 cloak
rCorr   .            o - +1 pair of gloves
SInv    .            (no boots)
Will    .....        g - amulet of the acrobat
Stlth   ++           n - +6 ring of strength
HPRegen 0.31/turn    x - +6 ring of dexterity
MPRegen 0.13/turn

%: acrobat
@: no status effects
A: fangs 1, strong nose, distributed training
a: Renounce Religion, Heroism


You were on level 6 of the Dungeon.
You worshipped Okawaru.
Okawaru was most pleased with you.
You visited 1 branch of the dungeon, and saw 6 of its levels.
You also visited: Sewer.

You collected 333 gold pieces.

Inventory:

Hand Weapons
 a - a +2 mace (weapon)
 b - a +0 short sword
 u - a +0 flail
Missiles
 f - 16 poisoned darts
 k - 6 atropa-tipped darts
Armour
 c - a +0 helmet (worn)
 e - a +0 leather armour (worn)
 o - a +1 pair of gloves (worn)
 p - a +0 cloak (worn)
Jewellery
 g - an amulet of the acrobat (around neck)
 n - a +6 ring of strength (left hand)
 x - a +6 ring of dexterity (right hand)
 B - a ring of wizardry
Wands
 s - a wand of flame (21)
Scrolls
 d - 3 scrolls of fear
 m - a scroll of enchant armour
 r - 2 scrolls of blinking
 t - a scroll of poison
 y - a scroll of enchant weapon {unknown}
 z - 4 scrolls of identify
 A - a scroll of revelation {unknown}
Potions
 h - 5 potions of brilliance
 i - 5 potions of heal wounds {unknown}
 j - a potion of magic {unknown}
 l - 3 potions of haste {unknown}
 q - 2 potions of curing
 v - a potion of lignification {unknown}
 w - 2 potions of berserk rage {unknown}


   Skills:
 + Level 7.6 Fighting
 + Level 4.5 Short Blades
 + Level 3.7 Long Blades
 + Level 3.7 Axes
 + Level 9.3 Maces & Flails
 + Level 3.7 Polearms
 + Level 3.7 Staves
 + Level 3.7 Ranged Weapons
 + Level 3.7 Throwing
 + Level 3.7 Armour
 + Level 6.0 Dodging
 + Level 3.7 Stealth
 + Level 3.7 Shields
 + Level 3.7 Unarmed Combat
 + Level 3.7 Spellcasting
 + Level 3.0 Conjurations
 + Level 3.0 Hexes
 + Level 3.0 Summonings
 + Level 3.0 Necromancy
 + Level 3.0 Translocations
 + Level 3.0 Transmutations
 + Level 3.0 Fire Magic
 + Level 3.0 Ice Magic
 + Level 3.0 Air Magic
 + Level 3.0 Earth Magic
 + Level 3.0 Poison Magic
 + Level 4.1 Invocations
 + Level 3.7 Evocations
 + Level 3.3 Shapeshifting


You had 14 spell levels left.
You didn't know any spells.
Your spell library was empty.

Dungeon Overview and Level Annotations

Branches:
Dungeon (6/15)             Temple (0/1) D:6           Sewer (visited)

Altars:
Okawaru


Innate Abilities, Weirdness & Mutations

You have very sharp teeth.
Your uncanny sense of smell can sniff out nearby items.
Your experience applies equally to all skills.


Message History

You closely miss the orc priest.
The orc priest is heavily wounded.
The orc priest completely misses you. The orc warrior barely misses you.
You closely miss the orc priest.
The orc priest is heavily wounded.
The orc priest calls down the wrath of Beogh upon you.
Pain shoots through your body!
The orc warrior hits you with a +0 scimitar!
You hit the orc priest but do no damage.
The orc priest is heavily wounded.
The orc priest hits you but does no damage.
The orc warrior hits you with a +0 scimitar.
You hit the orc priest.
You kill the orc priest!
Okawaru accepts your kill.
The orc warrior hits you with a +0 scimitar.
Your Dodging skill increases to level 6!
You barely miss the orc warrior. The orc warrior completely misses you.
You closely miss the orc warrior.
You bite the orc warrior, but do no damage.
The orc warrior hits you with a +0 scimitar!
* * * LOW HITPOINT WARNING * * *
You are too injured to fight recklessly!
You are too injured to fight recklessly!
You are too injured to fight recklessly!
You are too injured to fight recklessly!
You are too injured to fight recklessly!
You are too injured to fight recklessly!
You are too injured to fight recklessly!
The orc warrior misses you.
Things that are here:
a +0 mace; a +0 ring mail; an orc corpse You closely miss the orc warrior.
You bite the orc warrior, but do no damage.
The orc warrior hits you with a +0 scimitar.
* * * LOW HITPOINT WARNING * * *
You hit the orc warrior.
The orc warrior is lightly wounded.
The orc warrior hits you with a +0 scimitar!!
You die...

##########+#####
...............# #.
...............+ ...
...............# ....
...............##+#.....
.######+#...............
.# #...#.....).@.......
.# #<..'....<..o.......
.#####'##...............
.............######.....
.............# .....
.............+ ###.
.............#
...########### ...#


You could see an orc warrior.

Vanquished Creatures
  An ice beast (D:6)
  An ogre (D:5)
  3 sky beasts (D:6)
  3 kobold brigands (Sewer)
  4 scorpions
  2 hounds (D:5)
  2 jellies
  2 orc priests
  A gnoll bouda (D:4)
  A sleepcap (D:4)
  3 iguanas
  2 orc wizards
  Robin (D:2)
  12 adders
  7 gnolls (D:4)
  A worm (D:3)
  2 dart slugs
  12 orcs
  9 endoplasms
  4 giant cockroaches
  19 goblins
  8 hobgoblins
  14 kobolds
  6 quokkas
  8 ball pythons
  7 bats
  4 frilled lizards
  6 rats
145 creatures vanquished.

Notes
Turn   | Place    | Note
-------+----------+-------------------------------------------
     0 | D:1      | CowFu the Gnoll Wanderer began the quest for the Orb.
     0 | D:1      | CowFu set off with the following items: a +2 mace, a +0
                  | short sword, a +0 helmet, a scroll of fear, a +0 leather
                  | armour.
     0 | D:1      | Reached XP level 1. HP: 23/23 MP: 1/1
   110 | D:1      | Found a faded altar of an unknown god.
   123 | D:1      | Prayed at the altar of an unknown god.
   123 | D:1      | Became a worshipper of Warmaster Okawaru
   123 | D:1      | Reached * piety under Okawaru
   202 | D:1      | Reached XP level 2. HP: 27/29 MP: 2/2
   729 | D:2      | Reached XP level 3. HP: 34/34 MP: 3/3
   771 | D:2      | Reached skill level 1 in Invocations
   799 | D:2      | Noticed Robin
   845 | D:2      | Killed Robin
   846 | D:2      | Reached skill level 1 in Long Blades
   846 | D:2      | Reached skill level 1 in Axes
   846 | D:2      | Reached skill level 1 in Polearms
   846 | D:2      | Reached skill level 1 in Staves
   846 | D:2      | Reached skill level 1 in Ranged Weapons
   846 | D:2      | Reached skill level 1 in Throwing
   846 | D:2      | Reached skill level 1 in Armour
   846 | D:2      | Reached skill level 1 in Stealth
   846 | D:2      | Reached skill level 1 in Shields
   846 | D:2      | Reached skill level 1 in Unarmed Combat
   846 | D:2      | Reached skill level 1 in Spellcasting
   846 | D:2      | Reached skill level 1 in Evocations
   846 | D:2      | Reached XP level 4. HP: 12/41 MP: 5/5
   974 | D:2      | Reached skill level 1 in Shapeshifting
  1035 | D:2      | Reached skill level 1 in Conjurations
  1035 | D:2      | Reached skill level 1 in Hexes
  1035 | D:2      | Reached skill level 1 in Summonings
  1035 | D:2      | Reached skill level 1 in Necromancy
  1035 | D:2      | Reached skill level 1 in Translocations
  1035 | D:2      | Reached skill level 1 in Transmutations
  1035 | D:2      | Reached skill level 1 in Fire Magic
  1035 | D:2      | Reached skill level 1 in Ice Magic
  1035 | D:2      | Reached skill level 1 in Air Magic
  1035 | D:2      | Reached skill level 1 in Earth Magic
  1035 | D:2      | Reached skill level 1 in Poison Magic
  1519 | D:3      | Reached XP level 5. HP: 47/47 MP: 5/7
  1926 | D:4      | Reached XP level 6. HP: 52/53 MP: 8/8
  1973 | D:4      | Reached ** piety under Okawaru
  1974 | D:4      | Reached skill level 5 in Dodging
  2343 | D:4      | Found a glowing drain.
  2353 | Sewer    | Entered a sewer
  2614 | Sewer    | Reached XP level 7. HP: 38/60 MP: 10/10
  2957 | D:4      | Reached skill level 9 in Maces & Flails
  3681 | D:5      | Entered Level 5 of the Dungeon
  3736 | D:5      | Reached XP level 8. HP: 67/67 MP: 12/12
  3990 | D:5      | Reached *** piety under Okawaru
  4594 | D:6      | Found a staircase to the Ecumenical Temple.
  4898 | D:6      | Slain by an orc warrior

Illustrated notes

Levels and vault maps discovered:
D:1:      lightli_arrival_boilingwater, layout_basic,
          ebering_ecumenical_altar_mist, minmay_misc_feat_room
D:2:      layout_rooms, chequers_serial_rivers_small_3, uniq_robin
D:3:      layout_rooms, chequers_mini_garden
D:4:      layout_basic, gup_sewer_entry_pipe
D:5:      layout_gridville
D:6:      layout_gridville, minmay_temple_entry_mini_moons

Skill      XL: |  1  2  3  4  5  6  7  8 |
---------------+-------------------------+-----
Invocations    | 1 2 3 4 |  4.1
Long Blades    | 1 2 3 |  3.7
Axes           | 1 2 3 |  3.7
Polearms       | 1 2 3 |  3.7
Staves         | 1 2 3 |  3.7
Ranged Weapons | 1 2 3 |  3.7
Throwing       | 1 2 3 |  3.7
Armour         | 1 2 3 |  3.7
Stealth        | 1 2 3 |  3.7
Shields        | 1 2 3 |  3.7
Unarmed Combat | 1 2 3 |  3.7
Spellcasting   | 1 2 3 |  3.7
Evocations     | 1 2 3 |  3.7
Shapeshifting  | 1 2 3 |  3.3
Conjurations   | 1 2 3 |  3.0
Hexes          | 1 2 3 |  3.0
Summonings     | 1 2 3 |  3.0
Necromancy     | 1 2 3 |  3.0
Translocations | 1 2 3 |  3.0
Transmutations | 1 2 3 |  3.0
Fire Magic     | 1 2 3 |  3.0
Ice Magic      | 1 2 3 |  3.0
Air Magic      | 1 2 3 |  3.0
Earth Magic    | 1 2 3 |  3.0
Poison Magic   | 1 2 3 |  3.0
Short Blades   | 3 4 |  4.5
Dodging        | 5 6 |  6.0
Fighting       | 7 |  7.6
Maces & Flails | 9 |  9.3

Action                     |  1- 3 |  4- 6 |  7- 9 || total
---------------------------+-------+-------+-------++-------
  Melee: Mace              |    82 |   221 |   190 ||   493
         Bite              |     3 |    19 |    25 ||    47
         Punch             |     1 |     1 |     5 ||     7
  Evoke: Wand              |       |       |     1 ||     1
    Use: Scroll            |       |     6 |     1 ||     7
   Stab: Sleeping          |     1 |     1 |     5 ||     7
 Armour: Leather armour    |    50 |    91 |    89 ||   230
  Dodge: Dodged            |    44 |   150 |   110 ||   304

Table legend: (Time is in decaauts)
 A = Elapsed time spent in this place.
 B = Non-inter-level travel time spent in this place.
 C = Inter-level travel time spent in this place.
 D = Time resting spent in this place.
 E = Time spent auto-exploring this place.
 F = Levels seen in this place.
 G = Mean time per level.
                   A        B        C        D        E       F      G
               +--------+--------+--------+--------+--------+-----+--------+
         Total |   4917 |   4833 |     84 |     30 |   3473 |   7 |  702.4 |
       Dungeon |   4445 |   4361 |     84 |     30 |   3168 |   6 |  740.8 |
         Sewer |    471 |    471 |      0 |      0 |    305 |   1 |  471.0 |
               +--------+--------+--------+--------+--------+-----+--------+

Top non-repeatable levels by time:
     D:4: 1321 daAuts
     D:5: 895 daAuts
     D:1: 726 daAuts
     D:2: 676 daAuts
     D:3: 509 daAuts
   Sewer: 471 daAuts
     D:6: 315 daAuts
